 Dungeon Crawl Stone Soup version 0.31.0-32-g396128a36d (webtiles) character file.

Game seed: 5715644339959982094

118152 Doomgape the Bludgeoner (level 16, -26/144 HPs)
             Began as a Minotaur Fighter on Mar 8, 2024.
             Was the Champion of Okawaru.
             Killed from afar by Nikola (62 damage)
             ... with an arc of chain lightning
             ... on level 4 of the Swamp on Mar 9, 2024.
             The game lasted 01:44:42 (24449 turns).

Doomgape the Bludgeoner (Minotaur Fighter)         Turns: 24449, Time: 01:44:42

Health: -26/144    AC: 30    Str: 26    XL:     16   Next: 24%
Magic:  21/21      EV: 20    Int: 14    God:    Okawaru [******]
Gold:   3119       SH: 20    Dex: 15    Spells: 15/15 levels left

rFire   + . .        n - +5 flail of Discretion {spect, Fly Stlth+}
rCold   . . .        v - +1 tower shield
rNeg    . . .        q - +2 crystal plate armour "Zischuf" {Int+3}
rPois   .            K - +2 hat
rElec   +            (no cloak)
rCorr   +            a - +0 pair of gloves "Haocs" {rCorr}
SInv    .            (no boots)
Will    +....        H - amulet of Cheibriados's Outrage {Acrobat Regen+ Dex+2} Stlth
                     F - ring "Plog" {+Blink rElec rCorr Int+6}
HPRegen 1.24/turn    p - ring of protection from fire
MPRegen 0.17/turn

%: acrobat
@: acrobatic, flying, slowed, very slow
A: horns 2, retaliatory headbutt
a: Renounce Religion, Evoke Blink, Heroism, Finesse, Duel


You were on level 4 of the Swamp.
You worshipped Okawaru.
Okawaru was exalted by your worship.
You visited 5 branches of the dungeon, and saw 27 of its levels.
You also visited: Bailey.

You collected 4058 gold pieces.
You spent 939 gold pieces at shops.

Inventory:

Hand Weapons
 n - the +5 flail of Discretion (weapon) {spect, Fly Stlth+}
   (You found it on level 12 of the Dungeon)

   Fly:       It grants you flight.
   Stlth+:    It makes you more stealthy.
 A - a +4 morningstar of protection
 S - the +4 eveningstar of Okawaru, Healing {speed, rElec rC- Dex+4}
   (Okawaru gifted it to you on level 5 of the Lair of Beasts)

   Dex+4:     It affects your dexterity (+4).
   rC-:       It makes you vulnerable to cold.
   rElec:     It insulates you from electricity.
Missiles
 i - 5 silver javelins
 y - 4 throwing nets (quivered)
 C - 24 javelins
Armour
 a - the +0 pair of gloves "Haocs" (worn) {rCorr}
   (You acquired it on level 6 of the Dungeon)

   rCorr:     It protects you from acid and corrosion.
 q - the +2 crystal plate armour "Zischuf" (worn) {Int+3}
   (Okawaru gifted it to you on level 5 of the Lair of Beasts)

   Int+3:     It affects your intelligence (+3).
 v - a +1 tower shield (worn)
 K - a +2 hat (worn)
Jewellery
 e - a ring of ice
 o - an amulet of guardian spirit
 p - a ring of protection from fire (right hand)
 F - the ring "Plog" (left hand) {+Blink rElec rCorr Int+6}
   (You acquired it on level 13 of the Dungeon)

   [ring of intelligence]

   Int+6:     It affects your intelligence (+6).
   rElec:     It insulates you from electricity.
   +Blink:    It lets you blink.
   rCorr:     It protects you from acid and corrosion.
 H - the amulet of Cheibriados's Outrage (around neck) {Acrobat Regen+ Dex+2}
   (You found it on level 7 of the Dungeon)

   [amulet of the acrobat]

   Acrobat:   It increases your evasion while moving and waiting.
   Dex+2:     It affects your dexterity (+2).
   Regen+:    It increases your rate of health regeneration.
 M - a ring of protection from cold
 O - a +6 ring of strength
Wands
 c - a wand of quicksilver (10)
 r - a wand of flame (29)
 u - a wand of iceblast (23)
 w - a wand of mindburst (13)
 E - a wand of digging (14)
 I - a wand of paralysis (16)
 T - a wand of polymorph (12)
Scrolls
 b - 4 scrolls of enchant armour
 g - 3 scrolls of amnesia
 j - 21 scrolls of identify
 t - 5 scrolls of poison
 x - a scroll of fear
 z - 2 scrolls of revelation
 D - 6 scrolls of teleportation
 G - 7 scrolls of enchant weapon
 L - 4 scrolls of vulnerability
 N - a scroll of immolation
Potions
 d - 3 potions of cancellation
 f - a potion of might
 h - 2 potions of curing
 k - 4 potions of resistance
 l - 2 potions of invisibility
 m - 2 potions of berserk rage
 s - 10 potions of enlightenment
 B - 3 potions of mutation
 J - 2 potions of attraction
 P - 3 potions of haste
 Q - 2 potions of lignification
 R - a potion of heal wounds
Miscellaneous
 U - a lightning rod (1/4)


   Skills:
 + Level 13.3 Fighting
 + Level 20.5 Maces & Flails
 + Level 16.2 Armour
 - Level 16.1 Shields
 - Level 8.0 Invocations
 - Level 7.3 Evocations


You had 15 spell levels left.
You didn't know any spells.
Your spell library contained the following spells:

 Spells                   Type           Power      Damage    Failure   Level
 Apportation              Tloc           0%         N/A       100%        1
 Necrotise                Necr           0%         1d4       100%        1
 Sting                    Conj/Alch      0%         1d3       100%        1
 Jinxbite                 Hex            0%         N/A       100%        2
 Lesser Beckoning         Tloc           0%         N/A       100%        2
 Mercury Vapours          Alch/Air       0%         N/A       100%        2
 Sublimation of Blood     Necr           0%         N/A       100%        2
 Gell's Gravitas          Tloc           0%         N/A       100%        3
 Inner Flame              Hex/Fire       0%         N/A       100%        3
 Stone Arrow              Conj/Erth      0%         3d7       100%        3
 Teleport Other           Tloc           0%         N/A       100%        3
 Flame Wave               Conj/Fire      0%         2d4       100%        4
 Olgreb's Toxic Radiance  Alch           0%         N/A       100%        4
 Passage of Golubria      Tloc           0%         N/A       100%        4
 Petrify                  Alch/Erth      0%         N/A       100%        4
 Sticky Flame             Fire/Alch      0%         2d4       100%        4
 Irradiate                Conj/Alch      0%         3d11      100%        5
 Yara's Violent Unravell  Hex/Alch       0%         3d3       100%        5
 Enfeeble                 Hex            0%         N/A       100%        7
 Lehudib's Crystal Spear  Conj/Erth      0%         10d2      100%        8
 Summon Small Mammal      Summ           Unusable   N/A       N/A         1
 Call Imp                 Summ           Unusable   N/A       N/A         2
 Tukima's Dance           Hex            Unusable   N/A       N/A         3
 Animate Armour           Summ/Erth      Unusable   N/A       N/A         4
 Summon Hydra             Summ           Unusable   N/A       N/A         7

Dungeon Overview and Level Annotations

Branches:
Dungeon (15/15)            Temple (1/1) D:4            Lair (5/5) D:9
  Swamp (4/4) Lair:3        Snake (0/4) Lair:3        Slime (0/5) Lair:5
    Orc (2/2) D:12            Elf (0/3) Orc:2        Vaults (0/5) D:13
 Depths (0/4) D:15         Bailey (visited)

Altars:
Ashenzari
Cheibriados
Dithmenos
Elyvilon
Fedhas
Gozag
Hepliaklqana
Kikubaaqudgha
Makhleb
Nemelex Xobeh
Okawaru
Qazlal
Ru
Sif Muna
Trog
Uskayaw
Vehumet
Wu Jian
Xom
Yredelemnul
Zin
The Shining One
Jiyva
Lugonu

Shops:
D:4 [   D:6 *   D:11 ?   D:13 *   Orc:2 :**([

Portals:
Abyss: Lair:5

Annotations:
D:3 2 transporters
D:7 3 runed translucent doors, thiplelam's ghost, novice MiBe
D:9 2 transporters, Ijustatesigmund's ghost, journeyman OnCj
Lair:4 2 transporters, Doomgape's ghost, journeyman TrFi
Swamp:4 Nikola


Innate Abilities, Weirdness & Mutations

You have a pair of horns on your head.
You reflexively headbutt those who attack you in melee.


Message History

You are too injured to fight recklessly!
You are too injured to fight recklessly!
Unknown command.
The eleionoma hurls a spray of splinters at you.
You block the spray of wooden splinters.
Unknown command.
You block Nikola's attack. You block the eleionoma's attack.
Unknown command.
You closely miss the eleionoma.
Your +5 flail of Discretion {spect, Fly Stlth+} hits the eleionoma!
Nikola hits you with a +3 rapier of electrocution!
You block the eleionoma's attack. You block Nikola's attack.
Unknown command.
You sock the eleionoma!
The eleionoma is lightly wounded.
Your +5 flail of Discretion {spect, Fly Stlth+} hits the eleionoma!!
The eleionoma splashes around in the water.
Nikola says, "You don't look like a good insulator."
Nikola mumbles some strange words.
Nikola blinks!
You bludgeon the eleionoma!!
The eleionoma is severely wounded.
Your +5 flail of Discretion {spect, Fly Stlth+} hits the eleionoma!!
You kill the eleionoma!
Okawaru accepts your kill.
Nikola mumbles some strange words.
Nikola blinks!
You swap places.
Your +5 flail of Discretion {spect, Fly Stlth+} disappears.
Nikola gestures wildly while chanting.
Lightning arcs from Nikola's hands!
The bolt of lightning hits you!! You resist.
* * * LOW HITPOINT WARNING * * *
A bolt of lightning appears from out of thin air!
The bolt of lightning hits Nikola.
Unknown command.
Nikola casts a spell.
Lightning arcs from Nikola's hands!
The bolt of lightning hits you!!! You resist.
You die...

..~....~..~.♣
.~~.~~..~...~~.♣
?§.n♣~...~.♣~♣
≈≈≈≈≈≈≈...~♣♣
≈≈≈≈≈≈≈~...♣♣ . #≈≈#
#≈≈~~$.♣ .≈ #≈≈#
#≈≈.~~♣♣
~.≈≈###≈≈###≈≈~~).♣♣
~..~≈≈≈≈≈≈≈≈≈≈≈≈@§~..♣
. .≈≈≈≈≈≈≈≈≈≈≈≈~$@..♣
~ ♣≈≈###≈≈###≈≈.~.~♣♣
~ ♣≈≈#[#≈≈'.#≈≈~...♣
~♣♣♣≈≈#'#≈≈###≈≈.~..~♣
..♣♣♣≈≈≈≈≈≈≈≈≈≈..~~~♣♣
♣~~♣.§≈≈≈≈≈≈≈≈~...~~♣
..)...~~†♣♣♣♣~~..~.♣♣
<~~~.~~~.♣ .~♣.♣


You could see Nikola.

Vanquished Creatures
  Gastronok (Lair:2)
  A thorn hunter (Swamp:4)
  Kirke (Lair:5)
  An orc warlord (Orc:2)
  5 eleionomae
  An ettin (D:15)
  2 bunyips
  The ghost of wer000g the Fighter, a journeyman DrBe of Trog (D:10)
  A yaktaur captain (D:13)
  A rakshasa (D:15)
  3 hydras
  An ogre mage (Orc:2)
  8 alligators
  3 ghost crabs
  2 catoblepae
  3 boulder beetles
  6 centaur warriors
  Erica (Lair:1)
  4 death yaks
  2 tengu warriors
  7 two-headed ogres
  3 thrashing horrors (Lair:5)
  An occultist (D:15)
  An orc high priest (Orc:2)
  A hell knight (D:15)
  3 skysharks
  2 spriggan druids
  A goliath frog (Swamp:1)
  4 swamp dragons
  A lindwurm (Lair:5)
  5 bog bodies
  A deep elf pyromancer (D:14)
  2 necromancers (D:15)
  5 orc knights
  A large abomination (Lair:5)
  11 ugly things
  4 oklob plants (Lair:5)
  5 orc sorcerers
  4 will-o-the-wisps
  A spectral boulder beetle (Lair:3)
  A salamander (shapeshifter) (D:15)
  5 cyclopes
  5 manticores
  A kobold blastminer (Orc:2)
  Maurice (D:12)
  4 elephants (Lair:4)
  8 black mambas
  3 slime creatures (D:14)
  2 smoke demons (Lair:5)
  A torpor snail (Lair:1)
  2 gargoyles
  10 cane toads
  5 komodo dragons
  An unseen horror (D:12)
  3 yaktaurs
  A tengu conjurer (D:13)
  A kobold demonologist (D:13)
  6 rime drakes
  A freezing wraith (D:15)
  4 tyrant leeches
  A troll (shapeshifter) (Lair:5)
  8 trolls
  3 hornets
  A polar bear (Lair:2)
  21 blink frogs
  A raiju (Lair:5)
  5 dream sheep
  11 spriggans
  A spriggan (shapeshifter) (Lair:5)
  Sigmund (D:2)
  A water elemental (D:14)
  11 wyverns
  2 vampires
  A ynoxinul (Lair:5)
  5 wraiths
  34 yaks
  8 basilisks
  2 humans (Lair:5)
  3 wargs
  2 hogs (shapeshifter) (Lair:5)
  3 hogs (Lair:5)
  10 vampire mosquitoes
  2 steam dragons
  13 swamp worms
  A chaos spawn (Lair:5)
  2 hell hounds (Lair:4)
  6 acid dragons
  11 water moccasins
  Duvessa (D:6)
  A swamp drake (Swamp:3)
  40 orc warriors
  4 ice beasts
  4 laughing skulls
  11 ogres
  A black bear (Lair:1)
  23 wolves
  3 phantoms
  17 centaurs
  10 bullfrogs
  2 kobold brigands
  3 scorpions
  2 gnoll sergeants
  10 small abominations (Lair:5)
  Dowan (D:6)
  10 wights
  5 electric eels
  7 howler monkeys
  2 bombardier beetles
  9 hounds
  5 jellies
  8 iguanas
  A gnoll bouda (D:7)
  25 orc priests
  Jessica (D:11)
  27 orc wizards
  2 hell rats (Lair:4)
  22 gnolls
  12 adders
  2 shadow imps (D:6)
  2 white imps (D:7)
  4 ufetubi
  3 ribbon worms
  5 dart slugs
  60 orcs
  6 ball pythons
  10 endoplasms
  4 giant cockroaches
  11 goblins
  11 hobgoblins
  2 jackals (D:1)
  14 kobolds
  2 quokkas (D:5)
  5 bats
  A frilled lizard (D:1)
  11 rats
768 creatures vanquished.

Vanquished Creatures (others)
  4 bloated husks
  11 foxfires
  11 spectral weapons
26 creatures vanquished.

Grand Total: 794 creatures vanquished

Notes
Turn   | Place    | Note
-------+----------+-------------------------------------------
     0 | D:1      | Doomgape the Minotaur Fighter began the quest for the Orb.
     0 | D:1      | Reached XP level 1. HP: 19/19 MP: 0/0
   119 | D:1      | Reached XP level 2. HP: 19/27 MP: 1/1
   203 | D:1      | Reached skill level 3 in Maces & Flails
   249 | D:1      | Reached XP level 3. HP: 31/33 MP: 2/2
   433 | D:1      | Found a faded altar of an unknown god.
   983 | D:2      | Noticed Sigmund
   993 | D:2      | Killed Sigmund
   994 | D:2      | Reached skill level 5 in Fighting
   994 | D:2      | Reached skill level 4 in Maces & Flails
   994 | D:2      | Reached skill level 5 in Armour
   994 | D:2      | Reached XP level 4. HP: 20/42 MP: 1/3
   994 | D:2      | Reached XP level 5. HP: 23/48 MP: 1/4
  1175 | D:2      | Reached skill level 5 in Shields
  1340 | D:3      | Reached XP level 6. HP: 56/56 MP: 5/5
  1417 | D:3      | Found a shimmering blue altar of Sif Muna.
  1418 | D:3      | Found an iron altar of Okawaru.
  1432 | D:3      | Found a transporter.
  1450 | D:3      | Found a blossoming altar of Fedhas.
  1538 | D:3      | Found a transporter.
  1949 | D:4      | Found Yducs's Armour Shoppe.
  1965 | D:4      | Bought a +0 tower shield for 54 gold pieces
  2261 | D:4      | Found a staircase to the Ecumenical Temple.
  2270 | Temple   | Entered the Ecumenical Temple
  2378 | D:3      | Became a worshipper of Warmaster Okawaru
  2560 | D:4      | Reached skill level 5 in Maces & Flails
  2560 | D:4      | Reached XP level 7. HP: 62/62 MP: 6/6
  2965 | D:5      | Entered Level 5 of the Dungeon
  3235 | D:5      | Reached * piety under Okawaru
  3702 | D:6      | Reached skill level 6 in Maces & Flails
  3702 | D:6      | Reached XP level 8. HP: 57/71 MP: 5/7
  3844 | D:6      | Noticed Duvessa
  3844 | D:6      | Noticed Dowan
  3862 | D:6      | Killed Duvessa
  3884 | D:6      | Killed Dowan
  4100 | D:6      | Noticed a troll
  4113 | D:6      | Killed a troll
  4113 | D:6      | Reached ** piety under Okawaru
  4198 | D:6      | Identified a scroll of acquirement
  4198 | D:6      | Acquired the +0 pair of gloves "Haocs" {rCorr}
  4389 | D:6      | Found Xeczi's General Store.
  4392 | D:6      | Bought a potion of curing for 36 gold pieces
  4392 | D:6      | Bought a potion of curing for 36 gold pieces
  4577 | D:6      | Reached skill level 7 in Maces & Flails
  4677 | D:6      | Found a stormy altar of Qazlal.
  5085 | D:7      | Reached XP level 9. HP: 46/81 MP: 4/8
  5262 | D:7      | Found a runed translucent gate.
  5262 | D:7      | Found a runed translucent gate.
  5262 | D:7      | Found a runed translucent gate.
  5262 | D:7      | Noticed thiplelam's ghost (novice MiBe)
  5379 | D:7      | Found a flagged portal.
  5400 | Bailey   | Entered a bailey
  5548 | Bailey   | Reached skill level 8 in Maces & Flails
  5554 | Bailey   | Reached *** piety under Okawaru
  5568 | Bailey   | Noticed an orc knight
  5581 | Bailey   | Killed an orc knight
  5582 | Bailey   | Reached skill level 1 in Invocations
  5582 | Bailey   | Reached skill level 1 in Evocations
  6136 | D:7      | You fall into a shaft and drop 2 floors!
  6177 | D:9      | Reached skill level 9 in Maces & Flails
  6177 | D:9      | Reached XP level 10. HP: 70/90 MP: 8/11
  6190 | D:9      | Reached **** piety under Okawaru
  6254 | D:9      | Noticed a boulder beetle
  6259 | D:9      | Noticed a brown ugly thing
  6413 | D:9      | Found an ancient bone altar of Kikubaaqudgha.
  6413 | D:9      | Found an opulent altar of Gozag.
  6573 | D:9      | Found a staircase to the Lair.
  6579 | D:9      | Found a transporter.
  6588 | D:9      | Reached skill level 10 in Armour
  6590 | D:9      | Found a transporter.
  6625 | D:9      | Noticed Ijustatesigmund's ghost (journeyman OnCj)
  6900 | D:8      | Found a shadowy altar of Dithmenos.
  7621 | D:7      | Identified the +7 shortbow of a Thousand Eyes {flame,
                  | Int+3}
  7736 | D:7      | Reached skill level 10 in Maces & Flails
  7768 | D:7      | Reached ***** piety under Okawaru
  7772 | D:7      | Found a sparkling altar of Nemelex Xobeh.
  7774 | D:7      | Found an iron altar of Okawaru.
  7774 | D:7      | Found a shimmering blue altar of Sif Muna.
  7774 | D:7      | Found an ancient bone altar of Kikubaaqudgha.
  7925 | D:7      | Noticed a cyclops
  7927 | D:7      | Noticed a cyclops
  7939 | D:7      | Reached skill level 5 in Invocations
  7955 | D:7      | Killed a cyclops
  7957 | D:7      | Received a gift from Okawaru
  7959 | D:7      | Killed a cyclops
  7960 | D:7      | Reached XP level 11. HP: 89/95 MP: 11/14
  7977 | D:7      | Noticed a two-headed ogre
  7987 | D:7      | Killed a two-headed ogre
  7988 | D:7      | Reached skill level 5 in Evocations
  8163 | D:7      | Identified the amulet of Cheibriados's Outrage {Acrobat
                  | Regen+ Dex+2}
  8451 | D:7      | Found a shimmering altar of Xom.
  8744 | Lair:1   | Entered Level 1 of the Lair of Beasts
  8775 | Lair:1   | Reached skill level 11 in Maces & Flails
  8789 | Lair:1   | Received a gift from Okawaru
  9039 | Lair:1   | Noticed a death yak
  9054 | Lair:1   | Killed a death yak
  9098 | Lair:1   | Noticed Erica
  9138 | Lair:1   | Killed Erica
  9298 | Lair:1   | Identified the +3 sling "Ulecvias" {freeze, Will++}
  9728 | Lair:2   | Noticed Gastronok
  9872 | Lair:2   | Received a gift from Okawaru
  9873 | Lair:2   | Reached skill level 12 in Maces & Flails
  9894 | Lair:2   | Reached XP level 12. HP: 96/103 MP: 16/16
 10085 | Lair:2   | Killed Gastronok
 10313 | Lair:2   | Received a gift from Okawaru
 10794 | Lair:3   | Noticed a seven-headed hydra
 10802 | Lair:3   | Killed a seven-headed hydra
 11006 | Lair:3   | Reached skill level 13 in Maces & Flails
 11160 | Lair:3   | Found a staircase to the Snake Pit.
 11169 | Lair:3   | Noticed a catoblepas
 11205 | Lair:3   | Killed a catoblepas
 11206 | Lair:3   | Reached skill level 10 in Shields
 11207 | Lair:3   | Received a gift from Okawaru
 11306 | Lair:3   | Reached skill level 14 in Maces & Flails
 11587 | Lair:3   | Found a staircase to the Swamp.
 11587 | Lair:3   | Noticed a ghost crab
 11587 | Lair:3   | Noticed a ghost crab
 11780 | Lair:3   | Killed a ghost crab
 11781 | Lair:3   | Reached XP level 13. HP: 65/104 MP: 11/18
 12030 | Lair:4   | Received a gift from Okawaru
 12054 | Lair:4   | Reached skill level 15 in Maces & Flails
 12431 | Lair:4   | Received a gift from Okawaru
 13054 | Lair:4   | Noticed Doomgape's ghost (journeyman TrFi)
 13061 | Lair:4   | Found a transporter.
 13071 | Lair:4   | Found a transporter.
 13237 | Lair:5   | Entered Level 5 of the Lair of Beasts
 13251 | Lair:4   | Reached skill level 16 in Maces & Flails
 13321 | Lair:5   | Received a gift from Okawaru
 13446 | Lair:5   | Reached ****** piety under Okawaru
 13470 | Lair:5   | Acquired the +2 crystal plate armour "Zischuf" {Int+3}
 13470 | Lair:5   | Received a gift from Okawaru
 13474 | Lair:5   | Acquired the +4 eveningstar of Okawaru, Healing {speed,
                  | rElec rC- Dex+4}
 13474 | Lair:5   | Received a gift from Okawaru
 13737 | Lair:5   | Found a staircase to the Slime Pits.
 13737 | Lair:5   | Found a viscous altar of Jiyva.
 14074 | Lair:5   | Noticed Kirke
 14081 | Lair:5   | Reached XP level 14. HP: 115/116 MP: 19/19
 14096 | Lair:5   | Killed Kirke
 14096 | Lair:5   | Received a gift from Okawaru
 14355 | Lair:5   | Reached skill level 17 in Maces & Flails
 14675 | Lair:5   | Reached skill level 15 in Shields
 14681 | Lair:5   | Received a gift from Okawaru
 14746 | Lair:5   | Found a corrupted altar of Lugonu.
 14746 | Lair:5   | Found a one-way gate to the infinite horrors of the Abyss.
 15159 | D:10     | Entered Level 10 of the Dungeon
 15283 | D:10     | Found a glowing golden altar of the Shining One.
 15499 | D:10     | Noticed wer000g's ghost (journeyman DrBe)
 15502 | D:10     | Found a runed translucent door.
 15519 | D:10     | Killed wer000g's ghost
 15646 | D:10     | Found a hazy altar of Hepliaklqana.
 15945 | D:11     | Found Niss's Magic Scroll Boutique.
 15951 | D:11     | Bought 2 scrolls of identify for 60 gold pieces
 15951 | D:11     | Bought a scroll of identify for 30 gold pieces
 15951 | D:11     | Bought a scroll of identify for 30 gold pieces
 16026 | D:11     | Reached skill level 18 in Maces & Flails
 16175 | D:11     | Received a gift from Okawaru
 16242 | D:11     | Found a sparkling altar of Nemelex Xobeh.
 16242 | D:11     | Noticed Jessica
 16246 | D:11     | Killed Jessica
 16702 | D:12     | Found a staircase to the Orcish Mines.
 17101 | D:12     | Noticed Maurice
 17117 | D:12     | Killed Maurice
 17181 | D:12     | Identified the +5 flail of Discretion {spect, Fly Stlth+}
 17644 | Orc:1    | Entered Level 1 of the Orcish Mines
 18229 | Orc:2    | Entered Level 2 of the Orcish Mines
 18302 | Orc:2    | Paralysed by an orc sorcerer for 5 turns
 18345 | Orc:2    | Noticed an orc warlord
 18371 | Orc:2    | Killed an orc warlord
 18567 | Orc:2    | Received a gift from Okawaru
 18584 | Orc:2    | Found Yroesm's Book Emporium.
 18600 | Orc:2    | Found Loija's Antique Weapon Emporium.
 18604 | Orc:2    | Reached XP level 15. HP: 56/126 MP: 20/20
 18664 | Orc:2    | Found Enkeduib's General Store.
 18712 | Orc:2    | Found Nauf's Antique Armour Emporium.
 18937 | Orc:2    | Found a staircase to the Elven Halls.
 19016 | Orc:2    | Found Jenwouc's Overcharged Wands.
 19031 | Orc:2    | Bought a wand of digging (11) for 693 gold pieces
 19340 | Orc:1    | Reached skill level 10 in Fighting
 19517 | D:13     | Found a gate to the Vaults.
 19563 | D:13     | Reached skill level 19 in Maces & Flails
 19570 | D:13     | HP: 4/127 [two-headed ogre/+0 giant club (13)]
 19881 | D:13     | Acquired the ring "Plog" {+Blink rElec rCorr Int+6}
 20026 | D:13     | Found Zykug's Fire Supplies.
 20523 | D:14     | Received a gift from Okawaru
 20986 | D:15     | Entered Level 15 of the Dungeon
 21118 | D:15     | Received a gift from Okawaru
 21120 | D:15     | HP: 4/122 [centaur warrior/arrow (3)]
 21470 | D:15     | Found a staircase to the Depths.
 21514 | D:15     | Reached skill level 15 in Armour
 22093 | Swamp:1  | Entered Level 1 of the Swamp
 22157 | Swamp:1  | Received a gift from Okawaru
 22766 | Swamp:2  | Reached skill level 20 in Maces & Flails
 23565 | Swamp:3  | Received a gift from Okawaru
 23572 | Swamp:3  | Reached XP level 16. HP: 125/141 MP: 21/21
 24293 | Swamp:4  | Entered Level 4 of the Swamp
 24296 | Swamp:4  | Noticed a thorn hunter
 24317 | Swamp:4  | Killed a thorn hunter
 24413 | Swamp:4  | Noticed Nikola
 24449 | Swamp:4  | Killed from afar by Nikola

Illustrated notes

Levels and vault maps discovered:
D:1:      onia_arrival_handbag, layout_rooms,
          hellmonk_ecumenical_altar_crossroads
D:2:      layout_loops_ring, minmay_split_cup_small, uniq_sigmund
D:3:      gammafunk_wand_slinger, layout_loops_ring, lemuel_tele_altar,
          mainiacjoe_overflow_divided_tiny
D:4:      layout_cave_pods, minmay_temple_entry_gardened_gates, serial_shops,
          shop
D:5:      layout_basic
D:6:      layout_basic, nicolae_qazlal_eye_of_the_storm, serial_shops, shop,
          minmay_strange_pillars, uniq_duvessa
D:7:      minmay_the_grid_octo_2x2 [minmay_the_grid_octo_shrine,
          minmay_the_grid_octo_toaster, minmay_the_grid_octo_tetromino_candy,
          minmay_the_grid_octo_prize_big_c], layout_cave_pools,
          kennysheep_little_box, enter_bailey_3, ebering_ghost_rock_garden,
          kennysheep_generic_room_16
D:8:      layout_loops_ring, grunt_dithmenos_smoke, kennysheep_small_square
D:9:      layout_cave_pools, nicolae_overflow_two_pavilions, dpeg_oklobed_lair,
          gammafunk_ghost_arena, lightli_corner_chamber
D:10:     layout_roguey, marbit_many_paths, general_overflow_altar,
          hellmonk_ghost_happy_afterlife
D:11:     layout_loops_corners, serial_shops, shop, minmay_misc_feat_iff,
          grunt_ministairs_5, nemelex_lonely_heart_becter
D:12:     layout_irregular_city, orc_0_dummy, uniq_maurice
D:13:     layout_basic, david_vaults_2, nicolae_shop_fire_sale
          [nicolae_sub_dead_trees]
D:14:     layout_roguey, serial_glass, glass_columns_a, glass_columns_b,
          minivault_14
D:15:     hangedman_depths_entry_civil_slaughter, layout_rooms,
          minmay_strange_pillars
Temple:   hellmonk_temple_forest_ring
Lair:1:   layout_long_grid, uniq_erica
Lair:2:   layout_small_grid, serial_bayou_shore_a, grunt_megastairs_2,
          lemuel_fruit_tree, serial_bayou_shore_b, uniq_gastronok
Lair:3:   layout_chaotic_city, nicolae_swamp_entry_spooky, dummy_snake_entry,
          serial_bayou_lagoon_b
Lair:4:   layout_layer_cave, gammafunk_ghost_hive, special_room
          [special_room_mythical_zoo], beast_lair_carwin_7
Lair:5:   hellmonk_lair_end_abyssal_woods, layout_small_grid,
          minmay_slime_entry_oklob_open, minivault_27, grunt_megastairs_5,
          infiniplex_staircase_pool, uniq_kirke
Swamp:1:  layout_basic_swamp, wheals_swamp_sinkhole
Swamp:2:  nicolae_swamp_secret_spriggan_hideout, layout_basic_swamp,
          evilmike_swamp_ruin_house_2, nicolae_swamp_decorative_isthmus
Swamp:3:  layout_basic_swamp, nicolae_swamp_round_clearing
Swamp:4:  swamp_icy, layout_basic_swamp, swamp_pool_1_2, water_boxes_lemuel,
          infiniplex_staircase_pool_2, uniq_nikola
Orc:1:    layout_caves, minmay_orc_temple_b
Orc:2:    grunt_orc_cross, layout_caves, nicolae_shop_overcharged_wands

Skill      XL: |  1  2  3  4  5  6  7  8  9 10 11 12 13 14 15 16 |
---------------+-------------------------------------------------+-----
Fighting       | 4 5 6 8 9 12 13 | 13.3
Armour         | 4 5 6 8 9 10 12 13 15 16 | 16.2
Shields        | 4 5 6 7 8 11 14 16 | 16.1
Maces & Flails | 3 4 5 6 7 9 10 12 14 16 18 20 | 20.5
Invocations    | 2 5 7 8 |  8.0
Evocations     | 2 4 6 7 |  7.3

Action                     |  1- 3 |  4- 6 |  7- 9 | 10-12 | 13-15 | 16-18 || total
---------------------------+-------+-------+-------+-------+-------+-------++-------
  Melee: Whip              |    88 |   102 |   122 |       |       |       ||   312
         Headbutt          |    13 |    16 |    62 |   144 |   325 |    58 ||   618
         Flail             |     2 |       |       |       |   648 |   181 ||   831
         Morningstar       |       |       |   231 |   578 |   259 |       ||  1068
         Eveningstar       |       |       |       |       |   366 |       ||   366
  Throw: Throwing net      |       |       |     2 |       |       |       ||     2
 Invoke: Heroism           |       |       |     1 |     7 |    15 |       ||    23
         Finesse           |       |       |       |     1 |     1 |       ||     2
         Receive Weapon    |       |       |       |       |     1 |       ||     1
         Receive Armour    |       |       |       |       |     1 |       ||     1
  Evoke: Wand              |       |     2 |    15 |    11 |    52 |    16 ||    96
         Tin of tremorston |       |       |       |       |     2 |       ||     2
         Lightning rod     |       |       |       |       |       |     3 ||     3
    Use: Scroll            |       |       |     9 |     4 |    16 |       ||    29
         Potion            |       |       |     2 |    12 |    11 |     1 ||    26
   Stab: Invisible         |       |       |       |     1 |       |       ||     1
         Paralysed         |       |       |       |     3 |       |       ||     3
         Petrified         |       |       |       |     2 |       |       ||     2
         Distracted        |       |       |       |       |     5 |     5 ||    10
 Armour: Scale mail        |    47 |     8 |       |       |       |       ||    55
         Chain mail        |       |    37 |   147 |       |       |       ||   184
         Plate armour      |       |       |    61 |   453 |   213 |       ||   727
         Crystal plate arm |       |       |       |       |   516 |    62 ||   578
  Dodge: Dodged            |    41 |    32 |    73 |   110 |   211 |    16 ||   483
  Block: Buckler           |    18 |    10 |       |       |       |       ||    28
         Tower shield      |       |    36 |   363 |   621 |  1259 |    98 ||  2377
